General information
			
			
        
        - name: BNet
 
        - type: Ladder team game (AT/RT)
 
        - host: Battle.net
 
        - saver: sc2no.wc4yes
 
        
map: Highperch 
        - players: 6
 
        - length: 331:05
 
        - speed: Fast
 - version: 1.22 W3XP
 - replay type:  Public
 
» download(908 KB)
Players
        team 1 (loser) 
              
              
diapoo (
purple | 66 APM | 8545 actions | 129:30)
              
 6 Archmage 
 1 Summon Water Elemental
 1 Brilliance Aura
 3 Blizzard
 1 Mass Teleport
 5 Blood Mage 
 3 Flame Strike
 2 Siphon Mana
 1 Mountain King 
 1 Storm Bolt
 
                » actions 
                
                | Assign group hotkey | 51 |  | 
| Basic commands | 226 |  | 
| Build / train | 133 |  | 
| ESC pressed | 1 |  | 
| Enter build submenu | 33 |  | 
| Enter hero's abilities submenu | 12 |  | 
| Give item / drop item | 7 |  | 
| Remove unit from queue | 5 |  | 
| Right click | 4490 |  | 
| Select / deselect | 1654 |  | 
| Select group hotkey | 1722 |  | 
| Use ability | 208 |  | 
                8545 total
 » units 
                
                | Peasant | 15 |  | 
| Footman | 8 |  | 
| Spell Breaker | 4 |  | 
| Sorceress | 12 |  | 
| Mortar Team | 5 |  | 
| Siege Engine | 14 |  | 
| Dragonhawk Rider | 12 |  | 
                70 total
 » upgrades
                
                | Defend | 1 |  | 
| Plating | 3 |  | 
| Sorceress Training | 2 |  | 
| Gunpowder | 2 |  | 
| Lumber Harvesting | 1 |  | 
| Barrage | 1 |  | 
| Magic Sentry | 1 |  | 
| Cloud | 1 |  | 
| Armor | 1 |  | 
| Animal War Training | 1 |  | 
                14 total
 » buildings
                
                | Lumber Mill | 1 |  | 
| Farm | 14 |  | 
| Altar of Kings | 1 |  | 
| Barracks | 1 |  | 
| Scout Tower | 1 |  | 
| Arcane Tower | 3 |  | 
| Keep | 3 |  | 
| Arcane Vault | 1 |  | 
| Blacksmith | 1 |  | 
| Arcane Sanctum | 2 |  | 
| Workshop | 2 |  | 
| Castle | 1 |  | 
| Town Hall | 2 |  | 
| Gryphon Aviary | 1 |  | 
                34 total
 » build order
                00:12 Lumber Mill
00:36 Farm
00:50 Altar of Kings
01:17 Barracks
01:38 Farm
02:00 Scout Tower
02:18 Farm
02:27 Arcane Tower
03:03 Keep
03:03 Keep
03:43 Arcane Vault
04:19 Blacksmith
06:44 Arcane Sanctum
06:48 Arcane Sanctum
07:10 Farm
11:19 Workshop
11:22 Workshop
11:42 Farm
11:45 Farm
12:07 Farm
12:28 Farm
13:26 Castle
13:48 Farm
13:49 Farm
13:50 Farm
15:10 Farm
15:11 Farm
15:13 Farm
22:48 Town Hall
32:46 Town Hall
46:13 Arcane Tower
46:13 Arcane Tower
66:36 Gryphon Aviary
» items
                
                | Staff of Preservation | 1 |  | 
| Scroll of Regeneration | 3 |  | 
| Potion of Healing | 3 |  | 
| Scroll of Town Portal | 1 |  | 
| Ivory Tower | 4 |  | 
                12 total
  
               
              
              
lgibmnhs (
yellow | 26 APM | 3846 actions | 146:45)
              
 5 Archmage 
 3 Blizzard
 2 Brilliance Aura
 5 Blood Mage 
 3 Flame Strike
 2 Siphon Mana
 1 Dark Ranger 
 1 Black Arrow
 
                » actions 
                
                | Assign group hotkey | 28 |  | 
| Basic commands | 567 |  | 
| Build / train | 94 |  | 
| Enter build submenu | 24 |  | 
| Enter hero's abilities submenu | 11 |  | 
| Give item / drop item | 3 |  | 
| Right click | 702 |  | 
| Select / deselect | 732 |  | 
| Select group hotkey | 1589 |  | 
| Use ability | 93 |  | 
                3846 total
 » units 
                
                | Peasant | 13 |  | 
| Spell Breaker | 13 |  | 
| Priest | 8 |  | 
| Mortar Team | 2 |  | 
| Flying Machine | 29 |  | 
| Siege Engine | 1 |  | 
                66 total
 » upgrades
                
                | Plating | 1 |  | 
| Lumber Harvesting | 1 |  | 
| Priest Training | 1 |  | 
| Control Magic | 1 |  | 
| Sorceress Training | 1 |  | 
| Flak Cannons | 1 |  | 
| Flying Machine Bombs | 1 |  | 
| Gunpowder | 1 |  | 
| Barrage | 1 |  | 
                9 total
 » buildings
                
                | Lumber Mill | 1 |  | 
| Altar of Kings | 1 |  | 
| Farm | 11 |  | 
| Scout Tower | 1 |  | 
| Arcane Tower | 1 |  | 
| Keep | 1 |  | 
| Arcane Vault | 1 |  | 
| Blacksmith | 1 |  | 
| Arcane Sanctum | 3 |  | 
| Castle | 1 |  | 
| Workshop | 2 |  | 
| Town Hall | 1 |  | 
                25 total
 » build order
                00:10 Lumber Mill
00:15 Altar of Kings
00:17 Farm
00:58 Scout Tower
01:25 Arcane Tower
02:10 Keep
02:31 Arcane Vault
02:34 Farm
02:35 Farm
02:44 Blacksmith
02:48 Farm
04:34 Arcane Sanctum
04:37 Arcane Sanctum
04:50 Farm
05:38 Arcane Sanctum
07:25 Farm
08:16 Farm
09:06 Castle
09:20 Farm
12:33 Workshop
12:36 Farm
12:38 Farm
13:26 Town Hall
18:42 Workshop
19:06 Farm
» items
                 
               
              
              
» 
sielno5 (
pink | 22 APM | 7435 actions | 331:02)
              
 7 Goblin Tinker 
 3 Pocket Factory
 2 Cluster Rockets
 1 Robo-Goblin
 1 Engineering Upgrade
 5 Priestess of the Moon 
 3 Trueshot Aura
 1 Searing Arrows
 1 Scout
 
                » actions 
                
                | Assign group hotkey | 71 |  | 
| Basic commands | 738 |  | 
| Build / train | 97 |  | 
| ESC pressed | 4 |  | 
| Enter build submenu | 31 |  | 
| Enter hero's abilities submenu | 18 |  | 
| Give item / drop item | 5 |  | 
| Right click | 3084 |  | 
| Select / deselect | 1990 |  | 
| Select group hotkey | 1014 |  | 
| Use ability | 380 |  | 
                7435 total
 » units 
                
                | Wisp | 16 |  | 
| Archer | 3 |  | 
| Huntress | 4 |  | 
| Dryad | 5 |  | 
| Chimaera | 11 |  | 
| Hippogryph | 22 |  | 
| Druid of the Talon | 2 |  | 
                63 total
 » upgrades
                
                | Strength of the Moon | 1 |  | 
| Strength of the Wild | 3 |  | 
| Abolish Magic | 1 |  | 
| Corrosive Breath | 1 |  | 
| Well Spring | 1 |  | 
| Druid of the Talon Training | 1 |  | 
                8 total
 » buildings
                
                | Altar of Elders | 1 |  | 
| Moon Well | 11 |  | 
| Ancient of War | 1 |  | 
| Hunter's Hall | 1 |  | 
| Ancient of Wonders | 1 |  | 
| Tree of Ages | 1 |  | 
| Tree of Eternity | 1 |  | 
| Ancient of Lore | 2 |  | 
| Ancient of Wind | 1 |  | 
| Chimaera Roost | 2 |  | 
| Tree of Life | 3 |  | 
| Ancient Protector | 4 |  | 
                29 total
 » build order
                00:07 Altar of Elders
00:16 Moon Well
00:38 Ancient of War
01:34 Moon Well
02:27 Hunter's Hall
02:31 Moon Well
03:25 Ancient of Wonders
03:58 Moon Well
05:06 Moon Well
05:10 Tree of Ages
07:40 Tree of Eternity
07:42 Ancient of Lore
09:06 Ancient of Lore
10:01 Ancient of Wind
11:09 Chimaera Roost
11:13 Chimaera Roost
12:22 Moon Well
12:41 Tree of Life
13:28 Moon Well
14:23 Moon Well
15:26 Moon Well
17:18 Moon Well
18:27 Moon Well
18:47 Tree of Life
27:47 Tree of Life
32:39 Ancient Protector
33:21 Ancient Protector
34:39 Ancient Protector
35:12 Ancient Protector
» items
                
                | Orb of Venom | 1 |  | 
| Potion of Healing | 1 |  | 
| Potion of Mana | 1 |  | 
| Scroll of Town Portal | 1 |  | 
| Periapt of Vitality | 1 |  | 
| Circlet of Nobility | 1 |  | 
| Boots of Speed | 1 |  | 
| Tome of Retraining | 1 |  | 
| Staff of Teleportation | 1 |  | 
| Mechanical Critter | 1 |  | 
                10 total
  
               team 2 (winner) 
              
              
kim-8277 (
blue | 38 APM | 2472 actions | 64:43)
              
 3 Pit Lord 
 2 Rain of Fire
 1 Howl of Terror
 
                » actions 
                
                | Basic commands | 230 |  | 
| Build / train | 93 |  | 
| ESC pressed | 6 |  | 
| Enter build submenu | 22 |  | 
| Enter hero's abilities submenu | 3 |  | 
| Give item / drop item | 1 |  | 
| Right click | 1323 |  | 
| Select / deselect | 719 |  | 
| Use ability | 75 |  | 
                2472 total
 » units 
                
                | Acolyte | 2 |  | 
| Ghoul | 13 |  | 
| Necromancer | 17 |  | 
| Gargoyle | 34 |  | 
                66 total
 » upgrades
                
                | Unholy Strength | 2 |  | 
| Unholy Armor | 2 |  | 
| Necromancer Training | 2 |  | 
| Skeletal Longevity | 1 |  | 
| Skeletal Mastery | 1 |  | 
| Creature Attack | 2 |  | 
| Creature Carapace | 2 |  | 
| Stone Form | 1 |  | 
                13 total
 » buildings
                
                | Crypt | 4 |  | 
| Ziggurat | 8 |  | 
| Altar of Darkness | 1 |  | 
| Graveyard | 1 |  | 
| Halls of the Dead | 1 |  | 
| Nerubian Tower | 1 |  | 
| Temple of the Damned | 2 |  | 
| Black Citadel | 1 |  | 
| Tomb of Relics | 1 |  | 
| Necropolis | 2 |  | 
                22 total
 » build order
                00:08 Crypt
00:11 Ziggurat
00:36 Altar of Darkness
01:00 Graveyard
02:17 Halls of the Dead
02:20 Nerubian Tower
03:27 Ziggurat
03:29 Ziggurat
03:32 Ziggurat
04:45 Temple of the Damned
04:48 Temple of the Damned
08:11 Ziggurat
10:46 Black Citadel
11:14 Tomb of Relics
12:14 Ziggurat
15:13 Crypt
15:22 Crypt
15:28 Crypt
41:54 Necropolis
43:55 Ziggurat
43:58 Ziggurat
44:05 Necropolis
» items
                
                | Scroll of Town Portal | 1 |  | 
| Sacrificial Skull | 2 |  | 
                3 total
  
               
              
              
sc2no.wc4yes (
green | 29 APM | 9507 actions | 331:05)
              
 7 Archmage 
 3 Blizzard
 3 Brilliance Aura
 1 Mass Teleport
 6 Goblin Tinker 
 3 Pocket Factory
 2 Engineering Upgrade
 1 Robo-Goblin
 7 Goblin Alchemist 
 3 Acid Bomb
 3 Chemical Rage
 1 Transmute
 
                » actions 
                
                | Assign group hotkey | 79 |  | 
| Basic commands | 245 |  | 
| Build / train | 203 |  | 
| ESC pressed | 7 |  | 
| Enter build submenu | 97 |  | 
| Enter hero's abilities submenu | 26 |  | 
| Give item / drop item | 54 |  | 
| Remove unit from queue | 1 |  | 
| Right click | 3893 |  | 
| Select / deselect | 1713 |  | 
| Select group hotkey | 2098 |  | 
| Use ability | 1090 |  | 
                9507 total
 » units 
                
                | Peasant | 31 |  | 
| Dragonhawk Rider | 11 |  | 
| Centaur Outrunner | 1 |  | 
| Harpy Rogue | 3 |  | 
                46 total
 » upgrades
                
                | Lumber Harvesting | 2 |  | 
| Masonry | 3 |  | 
| Magic Sentry | 1 |  | 
| Cloud | 1 |  | 
| Swords | 3 |  | 
| Armor | 2 |  | 
                12 total
 » buildings
                
                | Farm | 15 |  | 
| Lumber Mill | 1 |  | 
| Altar of Kings | 2 |  | 
| Scout Tower | 57 |  | 
| Guard Tower | 40 |  | 
| Arcane Tower | 7 |  | 
| Keep | 2 |  | 
| Town Hall | 2 |  | 
| Gryphon Aviary | 2 |  | 
| Arcane Vault | 7 |  | 
| Castle | 2 |  | 
| Arcane Sanctum | 1 |  | 
| Blacksmith | 1 |  | 
                139 total
 » build order
                00:39 Farm
00:46 Lumber Mill
01:08 Altar of Kings
01:19 Farm
01:44 Scout Tower
01:46 Scout Tower
02:12 Scout Tower
02:13 Guard Tower
02:15 Scout Tower
02:17 Guard Tower
02:32 Farm
02:41 Guard Tower
02:43 Scout Tower
02:45 Scout Tower
02:49 Guard Tower
03:06 Scout Tower
03:12 Arcane Tower
03:15 Scout Tower
03:20 Scout Tower
03:21 Arcane Tower
03:33 Scout Tower
03:34 Scout Tower
03:37 Scout Tower
03:42 Arcane Tower
03:50 Guard Tower
03:54 Scout Tower
04:04 Guard Tower
04:14 Scout Tower
04:19 Scout Tower
04:46 Guard Tower
04:49 Scout Tower
04:50 Scout Tower
04:56 Guard Tower
05:04 Scout Tower
05:21 Scout Tower
05:25 Scout Tower
05:33 Keep
05:38 Guard Tower
06:14 Town Hall
06:16 Guard Tower
06:23 Guard Tower
06:49 Guard Tower
06:52 Scout Tower
06:53 Scout Tower
07:47 Guard Tower
07:48 Scout Tower
07:49 Scout Tower
08:34 Scout Tower
08:35 Scout Tower
08:36 Scout Tower
08:54 Gryphon Aviary
08:57 Gryphon Aviary
09:01 Arcane Vault
09:05 Guard Tower
09:07 Scout Tower
09:08 Scout Tower
09:13 Guard Tower
09:15 Scout Tower
09:54 Guard Tower
09:59 Scout Tower
10:01 Scout Tower
10:21 Guard Tower
10:46 Guard Tower
11:01 Scout Tower
11:03 Scout Tower
11:11 Scout Tower
11:12 Scout Tower
11:13 Scout Tower
11:16 Guard Tower
12:11 Guard Tower
12:14 Scout Tower
12:15 Scout Tower
12:16 Scout Tower
12:17 Scout Tower
12:26 Farm
12:30 Castle
13:14 Guard Tower
13:18 Guard Tower
14:00 Guard Tower
14:03 Scout Tower
14:05 Scout Tower
14:09 Arcane Sanctum
14:47 Guard Tower
14:51 Guard Tower
14:53 Scout Tower
14:54 Scout Tower
14:55 Scout Tower
15:37 Farm
15:37 Farm
16:33 Guard Tower
16:34 Guard Tower
17:08 Guard Tower
17:11 Arcane Vault
17:12 Arcane Vault
18:04 Arcane Vault
19:47 Guard Tower
19:52 Scout Tower
19:53 Scout Tower
19:54 Scout Tower
19:55 Scout Tower
19:56 Scout Tower
20:02 Guard Tower
20:05 Guard Tower
21:42 Guard Tower
21:55 Guard Tower
21:59 Farm
22:00 Farm
22:00 Farm
22:00 Farm
22:53 Arcane Vault
22:53 Arcane Vault
24:00 Guard Tower
24:41 Guard Tower
25:27 Guard Tower
25:50 Guard Tower
25:52 Guard Tower
27:02 Blacksmith
27:19 Guard Tower
27:41 Guard Tower
41:46 Scout Tower
42:24 Arcane Tower
42:26 Scout Tower
42:31 Scout Tower
44:10 Arcane Tower
99:00 Scout Tower
99:02 Scout Tower
99:09 Scout Tower
99:34 Arcane Tower
99:36 Arcane Tower
213:41 Altar of Kings
236:26 Arcane Vault
237:32 Farm
237:35 Farm
238:48 Farm
240:38 Farm
240:53 Farm
288:27 Town Hall
291:52 Keep
329:57 Castle
» items
                
                | Scroll of Regeneration | 1 |  | 
| Ivory Tower | 45 |  | 
| Lesser Clarity Potion | 1 |  | 
| Mechanical Critter | 1 |  | 
| Tome of Retraining | 1 |  | 
| Boots of Speed | 4 |  | 
| Staff of Teleportation | 3 |  | 
| Potion of Invisibility | 1 |  | 
| Staff of Sanctuary | 3 |  | 
| Orb of Corruption | 2 |  | 
| Potion of Lesser Invulnerability | 3 |  | 
| Scroll of Town Portal | 1 |  | 
| Periapt of Vitality | 1 |  | 
                67 total
  
               
              
              
n(oo)b (
orange | 23 APM | 2191 actions | 95:05)
              
 5 Archmage 
 3 Summon Water Elemental
 2 Brilliance Aura
 3 Firelord 
 2 Summon Lava Spawn
 1 Incinerate
 4 Dark Ranger 
 2 Black Arrow
 2 Life Drain
 
                » actions 
                
                | Assign group hotkey | 135 |  | 
| Build / train | 127 |  | 
| ESC pressed | 2 |  | 
| Enter build submenu | 32 |  | 
| Enter hero's abilities submenu | 12 |  | 
| Give item / drop item | 2 |  | 
| Right click | 983 |  | 
| Select / deselect | 317 |  | 
| Select group hotkey | 417 |  | 
| Use ability | 164 |  | 
                2191 total
 » units 
                
                | Peasant | 22 |  | 
| Footman | 11 |  | 
| Knight | 14 |  | 
| Gryphon Rider | 15 |  | 
                62 total
 » upgrades
                
                | Lumber Harvesting | 2 |  | 
| Animal War Training | 1 |  | 
| Storm Hammers | 1 |  | 
| Swords | 2 |  | 
| Plating | 2 |  | 
| Armor | 2 |  | 
                10 total
 » buildings
                
                | Farm | 11 |  | 
| Altar of Kings | 1 |  | 
| Barracks | 2 |  | 
| Lumber Mill | 1 |  | 
| Arcane Vault | 1 |  | 
| Blacksmith | 1 |  | 
| Town Hall | 1 |  | 
| Scout Tower | 12 |  | 
| Keep | 1 |  | 
| Guard Tower | 13 |  | 
| Gryphon Aviary | 2 |  | 
| Castle | 1 |  | 
                47 total
 » build order
                00:12 Farm
00:16 Altar of Kings
00:50 Farm
01:19 Barracks
01:28 Farm
02:19 Farm
02:31 Lumber Mill
02:59 Arcane Vault
04:20 Blacksmith
04:34 Town Hall
04:42 Scout Tower
04:44 Scout Tower
04:46 Scout Tower
04:56 Keep
05:13 Scout Tower
05:15 Guard Tower
05:16 Guard Tower
05:18 Scout Tower
05:21 Guard Tower
05:36 Barracks
05:44 Guard Tower
05:47 Guard Tower
07:39 Farm
08:34 Gryphon Aviary
09:13 Scout Tower
09:23 Castle
09:44 Guard Tower
09:46 Scout Tower
09:56 Gryphon Aviary
10:30 Scout Tower
10:31 Guard Tower
10:57 Scout Tower
10:58 Guard Tower
11:17 Farm
11:33 Scout Tower
11:34 Guard Tower
12:06 Farm
12:11 Scout Tower
12:13 Guard Tower
12:47 Farm
12:51 Scout Tower
12:54 Guard Tower
13:25 Guard Tower
13:30 Farm
14:10 Farm
15:26 Farm
» items
                
                | Scroll of Regeneration | 8 |  | 
| Potion of Healing | 6 |  | 
| Scroll of Town Portal | 6 |  | 
| Staff of Teleportation | 3 |  | 
                23 total
  
                Chat log
          (00:14 / Allies) kim-8277: ㅎㅇ
(00:25 / Allies) kim-8277: hi
(00:27 / Allies) sc2no.wc4yes: hi
(00:42 / Allies) kim-8277: all necro
(10:21 / Allies) n(oo)b: b
(10:21 / Allies) n(oo)b: b
(10:22 / Allies) n(oo)b: b
(10:22 / Allies) n(oo)b: bb
(10:35 / Allies) n(oo)b: b
(10:36 / Allies) n(oo)b: b
(14:56 / Allies) n(oo)b: b
(14:57 / Allies) n(oo)b: b
(15:42 / Allies) n(oo)b: get melee pls
(16:54 / Allies) sc2no.wc4yes: B
(16:54 / Allies) sc2no.wc4yes: B
(23:22 / Allies) kim-8277: 해ㅣㅇ
(23:25 / Allies) kim-8277: gold
(27:01 / Allies) kim-8277: gold
(27:42 / Allies) n(oo)b: like  tat how to win?????
(27:45 / Allies) sc2no.wc4yes: ya
(28:24 / Allies) kim-8277: 금좀줘라
(32:36 / Allies) n(oo)b: b
(32:36 / Allies) n(oo)b: b
(32:37 / Allies) n(oo)b: b
(32:37 / Allies) n(oo)b: b
(33:08 / Allies) kim-8277: ㅡㄷㄷㅅ
(33:11 / Allies) kim-8277: meet
(33:24 / Allies) kim-8277: 만나자
(33:44 / Allies) sc2no.wc4yes: its for staff of preservation
(33:47 / Allies) sc2no.wc4yes: so i can put a peon on the mountain
(34:20 / Allies) sc2no.wc4yes: its ok
(34:24 / Allies) kim-8277: fuck
(34:24 / Allies) n(oo)b: ????
(34:47 / Allies) sc2no.wc4yes: u understand?
(35:15 / Allies) sc2no.wc4yes: see?
(35:23 / Allies) n(oo)b: y u play like tat???
(35:34 / Allies) kim-8277: meet
(38:22 / Allies) kim-8277: fuck you sigko
(40:01 / Allies) n(oo)b: lend me 300
(40:46 / All) lgibmnhs: ㅋㅋㅋㅋ
(43:47 / Allies) sc2no.wc4yes: 2 late
(45:20 / All) sc2no.wc4yes: :D
(45:30 / All) sielno5: 님들 좀 짱임
(45:35 / All) lgibmnhs: 할말이 없뜸;;
(46:19 / All) kim-8277: 사실우리이길수있었음
(47:36 / All) kim-8277: 금200\
(47:44 / All) kim-8277: gold200\
(47:59 / Allies) sc2no.wc4yes: go there
(48:00 / All) diapoo: 어떻게 올라갔을까..ㅡ.ㅡ;;
(48:41 / All) kim-8277: rms근데 우리편이지만 또라이임
(49:07 / All) diapoo: 먼가 일꾼만 올라갈수 있는 길이 있나봐요
(51:39 / All) diapoo: 길이있으니깐 올라갔겠죠?
(51:57 / All) lgibmnhs: 우케 올라갔찌.. -_-? 
(52:03 / All) kim-8277: 아닐껄려
(52:06 / All) sc2no.wc4yes: IIIIIIIIIIIIIIIIIIID
(52:08 / All) sc2no.wc4yes: (_)_)
(52:38 / All) kim-8277: 저도궁금요
(52:55 / All) diapoo: 아...
(52:56 / All) diapoo: 가고일
(53:09 / All) kim-8277: 뭐가요
(53:14 / All) sc2no.wc4yes: USA #1
(53:15 / All) diapoo: 가고일로 가서
(53:23 / All) diapoo: 가고일 땅에 있는거 있자나요
(53:32 / All) kim-8277: 근데여
(53:33 / All) diapoo: 그걸로 영웅..엥
(53:36 / All) sc2no.wc4yes: CANADA #1
(53:40 / All) diapoo: 근데 어떻게 일꾼이...
(53:55 / All) kim-8277: 그건영우만이잔아여
(54:12 / All) kim-8277: 맵핵인듯
(54:19 / All) kim-8277: 아님 버그
(54:23 / All) diapoo: 아 집짓고요
(54:39 / All) diapoo: 아니 일꾼이 어떻게 올라가죠?
(54:46 / All) diapoo: 영웅이야 스태프로 올라가는데
(54:49 / All) lgibmnhs: 집 만든 다음에 뽀갠듯 ㅋ
(54:50 / All) kim-8277: 여기집없어여
(55:03 / All) diapoo: 일꾼이 있어야 집도...
(55:14 / All) kim-8277: 타워만
(55:23 / All) kim-8277: 캐나다놈
(55:36 / All) kim-8277: 버그만들어낸듯
(56:00 / All) diapoo: 이대로 포기?
(56:09 / All) diapoo: 아님 우리도 한다?
(56:15 / All) sc2no.wc4yes: he jkilled all my air!
(56:17 / Allies) sc2no.wc4yes: i have no more@!
(57:01 / All) kim-8277: 12시에 언데집있어여
(57:29 / All) kim-8277: 저집임
(57:44 / All) kim-8277: 하나만 남겨주세여
(57:55 / Allies) sc2no.wc4yes: unsummon
(57:57 / Allies) sc2no.wc4yes: huirry!
(58:14 / All) kim-8277: 외국놈도 진상있음
(58:20 / All) diapoo: ㅋㅋㅋ
(58:21 / All) kim-8277: 하나먼
(58:34 / All) kim-8277: 그밌에
(58:42 / All) kim-8277: 일꿍ㄴ
(58:55 / All) diapoo: 신기하네...
(59:58 / All) kim-8277: 2시방향에 일꾼하나더
(60:03 / All) diapoo: 영웅이야 올라간다해도 일꾼은 어떻게 갔을까요?
(60:16 / All) sielno5: 네이버에 물어봐야할듯
(60:18 / All) kim-8277: 저도그게궁금
(60:37 / All) diapoo: 끝나고 리플레이 봐야하네..ㅡ,ㅡ;;
(61:15 / All) diapoo: 안될듯...
(61:21 / All) sc2no.wc4yes: itll cos ta pretty penny to repair that
(61:27 / All) kim-8277: 2시방향에일꾼있다구여
(61:29 / All) sc2no.wc4yes: slow but steady wins the race
(61:34 / All) sc2no.wc4yes:  \_/
(63:07 / All) diapoo: 어이없네요 ㅋㅋ
(63:14 / Allies) n(oo)b: ????
(63:21 / Allies) sc2no.wc4yes: the other guy attacked me with your heros
(63:44 / All) kim-8277: fuck sighko
(64:30 / All) kim-8277: all night long game  fuck sighko
(64:47 / All) sc2no.wc4yes: rofl
(65:42 / All) diapoo: 호크는 호크로 잡아야 하나..
(65:47 / All) sc2no.wc4yes: gg
(65:50 / All) sc2no.wc4yes:  \_/
(66:26 / All) diapoo: 타워땜시...
(66:44 / All) diapoo: 1800정도
(67:02 / All) sc2no.wc4yes: how much gold you guys have
(67:06 / All) sc2no.wc4yes: i have 4500
(67:15 / All) diapoo: ㅋㅋㅋ
(69:44 / All) diapoo: 타워에 녹을텐데
(70:06 / All) diapoo: 안오면...;;;
(70:10 / All) sc2no.wc4yes: gg
(72:17 / All) sc2no.wc4yes: u have to use staff of teleportation
(72:20 / All) sc2no.wc4yes: to ge tup the hill
(72:26 / All) sc2no.wc4yes: iw oudlnt advise it at this point though
(72:45 / All) sielno5: 그래봐야 녹지;
(73:28 / All) sc2no.wc4yes: :O
(73:42 / All) sc2no.wc4yes: diodnt realize u were so rich
(75:52 / All) diapoo: 아....
(76:03 / All) sielno5: 좀만 기다려요
(76:19 / All) diapoo: 타워에 안개깔고
(76:55 / All) sc2no.wc4yes: u like that?
(77:07 / All) sielno5: shut up man
(77:30 / All) sc2no.wc4yes: just think if you still had the hipps
(77:32 / All) sc2no.wc4yes: + the hawks
(77:36 / All) sc2no.wc4yes: you could have jacked me good
(77:45 / All) sc2no.wc4yes: i wonder how much you have now
(78:39 / All) diapoo: 헉
(78:53 / All) diapoo: 휴먼님 호크 컨트롤점
(79:38 / All) diapoo: 나도 한번 해봐야지 ㅋ 진상이긴 해도 잼나겠네요 ㅋㅋ
(86:00 / All) diapoo: 나엘님 모만드시죠?
(86:14 / All) sielno5: 히포 개떼요
(87:27 / All) diapoo: 변신 가능 까마귀도 한마리만^^
(87:47 / All) diapoo: 6렙되면 타고 올라가게요
(88:30 / All) diapoo: 그게 모죠?
(88:47 / All) diapoo: 그걸로는 텔레 못해요
(88:58 / All) diapoo: 아크 6렙 매스요
(89:32 / All) diapoo: 1969/2000
(89:46 / All) sc2no.wc4yes: you have enough to beat me now
(90:29 / All) diapoo: 6렙되면 까마귀내려 앉은걸로 탱크 끌고 올라가야죠
(91:36 / All) diapoo: 6렏렙되면 쓸게요
(91:58 / All) diapoo: 교전 한번 해야죠
(93:13 / All) sc2no.wc4yes: could you flamestrike the trees on cliff pls?
(93:13 / All) sc2no.wc4yes: thx
(96:40 / All) sc2no.wc4yes: yikes!
(97:20 / All) diapoo: 네
(97:41 / All) diapoo: 공유점
(99:01 / All) diapoo: 호크를 재물로 바쳐야 하나...
(99:39 / All) diapoo: ㅋ
(99:56 / All) diapoo: 눈치 챈거죠 ㅋ
(100:40 / All) diapoo: 허걱
(103:12 / All) sc2no.wc4yes: u guys like this game?
(103:24 / All) sc2no.wc4yes:  \_/
(106:42 / All) diapoo: 참나..저게 보인단 말이지
(107:18 / All) sc2no.wc4yes: if i just had some fiends
(107:21 / All) sc2no.wc4yes: id be ballin
(107:23 / All) sc2no.wc4yes:  \_/
(108:55 / All) diapoo: 네
(109:06 / All) sc2no.wc4yes:  \_/
(109:11 / All) sc2no.wc4yes:  \ _ /
(109:33 / All) sc2no.wc4yes:  \   /
(109:35 / All) sc2no.wc4yes:    O
(114:10 / All) diapoo: 휴먼님
(115:49 / All) diapoo: 어떻게 하죠? 걍 고?
(116:35 / All) diapoo: 공유할게요 
(117:08 / All) diapoo: 안개 깔까요?
(117:57 / All) diapoo: 허걱
(118:12 / All) sc2no.wc4yes: fuck yo dott nigga
(118:16 / All) diapoo: 슂쉽지가 안네요 ㅋ
(119:31 / All) diapoo: 일꾼이 더 많아진거 같지 않아요? ㅋ
(124:08 / All) diapoo: 학
(129:12 / All) diapoo: 전 여기까지만 할게요 죄송요
(129:27 / All) diapoo: GG
(129:32 / All) sc2no.wc4yes: gg
(133:38 / All) sc2no.wc4yes:  \_/
(136:25 / All) sc2no.wc4yes: if you had spent all gold and food on ahwks at start
(136:29 / All) sc2no.wc4yes: then let me attk ur tower and catch me
(136:31 / All) sc2no.wc4yes: ud have won
(136:40 / All) sc2no.wc4yes:  / _ \
(144:28 / All) sc2no.wc4yes: lol
(144:57 / All) sielno5: i want to sleep
(145:00 / All) sc2no.wc4yes: so leave
(145:31 / All) sielno5: no
(145:43 / All) sc2no.wc4yes: its 330 pm here
(145:46 / All) sc2no.wc4yes: im not losing sleep
(145:53 / All) sc2no.wc4yes: mexico # 1
(146:29 / All) sielno5: Maybe I can't win, but also you
(148:11 / All) sc2no.wc4yes: sure i can
(148:14 / All) sc2no.wc4yes: i can just hit and run
(148:22 / All) sc2no.wc4yes: ill go afk for 10 hours then come back when you arent here
(148:49 / All) sielno5: Do that
(148:54 / All) sc2no.wc4yes: in 10 hours
(148:55 / All) sc2no.wc4yes: kk
(149:31 / All) sc2no.wc4yes: im the king of the mountain
(149:33 / All) sc2no.wc4yes:  \_/
(149:36 / All) sc2no.wc4yes: the emperor
(149:54 / All) sc2no.wc4yes: do u guys think purple was dumb?
(149:55 / All) sc2no.wc4yes: for leaving
(150:02 / All) sc2no.wc4yes: when he left, you had a lot better chance
(150:07 / All) sc2no.wc4yes: now you have almost no chance
(150:10 / All) sc2no.wc4yes: either purple is dumb or you are
(151:13 / All) sc2no.wc4yes: you didnt need that anyway
(152:03 / All) sc2no.wc4yes: nice
(157:17 / All) sc2no.wc4yes: still here huh
(157:34 / All) sc2no.wc4yes: this strat is unstoppable
(157:37 / All) sc2no.wc4yes: i beat moon with it
(157:47 / All) sc2no.wc4yes:  \_/
(171:20 / All) sc2no.wc4yes: still here huh
(171:21 / All) sc2no.wc4yes: lol
(198:38 / All) sc2no.wc4yes: zzzz
(198:40 / All) sc2no.wc4yes: give up already
(213:19 / All) sc2no.wc4yes: zzz
(213:24 / All) sc2no.wc4yes: afk
(223:30 / All) sc2no.wc4yes: jesus this si way easier on east
(223:41 / All) sc2no.wc4yes: asians just dont value their time as your average east rt player i guess
(253:46 / All) sc2no.wc4yes: :O
(260:30 / All) sc2no.wc4yes: obama
(260:31 / All) sc2no.wc4yes: obama
(260:32 / All) sc2no.wc4yes: obama
(310:55 / All) sc2no.wc4yes: you must be afk
(310:59 / All) sc2no.wc4yes:  \_/